 Dungeon Crawl Stone Soup version 0.23.1-41-g7e51ed32d8 (webtiles) character file.

Game seed: 7888216474538005542

27 PentaManta the Sneak (level 3, -2/24 HPs)
             Began as an Octopode Assassin on Mar 30, 2019.
             Was a Follower of Sif Muna.
             Slain by an iguana (8 damage)
             ... on level 5 of the Dungeon.
             The game lasted 00:01:41 (708 turns).

PentaManta the Sneak (Octopode Assassin)             Turns: 708, Time: 00:01:42

Health: -2/24      AC:  1    Str: 10    XL:     3   Next: 10%
Magic:  3/3        EV: 13    Int: 13    God:    Sif Muna [*.....]
Gold:   37         SH:  0    Dex: 14    Spells: 2/2 levels left

rFire    . . .     SeeInvis .   a - +2 dagger
rCold    . . .     Gourm    .   (no shield)
rNeg     . . .     Faith    .   (helmet restricted)
rPois    .         Spirit   .   (no amulet)
rElec    .         Reflect  .   (no ring)
rCorr    .         Harm     .   (no ring)
MR       .....                  (no ring)
Stlth    ++++......             (no ring)
HPRegen  0.08/turn              (no ring)
MPRegen  0.08/turn              (no ring)
                                (no ring)
                                (no ring)

@: no status effects
A: almost no armour, stealthy swim, amphibious, 8 rings, constrict 8, camouflage
1, gelatinous body 1
a: Divine Energy, Renounce Religion


You were on level 5 of the Dungeon.
You worshipped Sif Muna.
Sif Muna was aware of your devotion.
You were not hungry.

You visited 1 branch of the dungeon, and saw 5 of its levels.

You collected 37 gold pieces.

Inventory:

Hand Weapons
 a - a +2 dagger (weapon)
 b - a +0 blowgun
Missiles
 c - 8 poisoned needles
 d - 2 curare-tipped needles
Armour
 l - a +0 buckler
Jewellery
 g - a +3 ring of dexterity {unknown}
 m - an uncursed ring of protection from magic {unknown}
Scrolls
 e - a scroll of immolation {unknown}
 h - 2 scrolls of remove curse {unknown}
 j - 3 scrolls of identify {unknown}
 k - a scroll of enchant armour {unknown}
Potions
 i - a potion of curing {unknown}
Comestibles
 f - 5 rations


   Skills:
 + Level 2.3 Fighting
 + Level 2.3 Short Blades
 - Level 2.0 Throwing
 + Level 1.5 Dodging
 * Level 5.9 Stealth


You had 2 spell levels left.
You didn't know any spells.
Your spell library was empty.

Dungeon Overview and Level Annotations

Branches:
Dungeon (5/15)
 Temple: D:4-7

Altars:
Fedhas
Sif Muna


Innate Abilities, Weirdness & Mutations

You cannot wear most types of armour.
You are very stealthy in the water. (Stealth+)
You are amphibious.
You can wear up to eight rings at the same time.
You can use your tentacles to constrict eight enemies at once.
Your skin changes colour to match your surroundings (Stealth+).
Your rubbery body absorbs attacks. (AC +1, EV +1)


Message History

Found a stone staircase leading down.
The bullfrog misses you. The bullfrog barely misses you. The bullfrog hits you!
The bullfrog completely misses you. The bullfrog hits you.
The bullfrog barely misses you.
There is a stone staircase leading down here.
The bullfrog barely misses you. The iguana bites you.
The bullfrog barely misses you.
You climb downwards.
A hound comes into view.
Found four items.
There is a stone staircase leading up here.
The bullfrog barely misses you. The bullfrog hits you.
* * * LOW HITPOINT WARNING * * *
Found a fustibalus.
The hound barks!
The bullfrog misses you. The iguana bites you!
You die...

#............
............
.######.........
.....).....h...
.....?.......#
.............#
.......)..<#
.).....lF.##
....[..@..#
..........#
.##########


You could see a bullfrog, an iguana and a hound.

Vanquished Creatures
  2 ball pythons
  8 bats
  A giant cockroach (D:2)
  3 goblins
  2 quokkas (D:2)
  3 frilled lizards
  3 kobolds
  3 rats (D:1)
25 creatures vanquished.

Notes
Turn   | Place    | Note
-------+----------+-------------------------------------------
     0 | D:1      | PentaManta the Octopode Assassin began the quest for the
                  | Orb.
     0 | D:1      | Reached XP level 1. HP: 14/14 MP: 1/1
   221 | D:1      | Reached XP level 2. HP: 17/19 MP: 2/2
   414 | D:2      | Found a faded altar of an unknown god.
   422 | D:2      | Became a worshipper of Sif Muna the Loreminder
   422 | D:2      | Reached * piety under Sif Muna
   501 | D:2      | Found a blossoming altar of Fedhas.
   510 | D:2      | Reached XP level 3. HP: 14/24 MP: 3/3
   693 | D:4      | Noticed a bullfrog
   705 | D:5      | Entered Level 5 of the Dungeon
   708 | D:5      | Slain by an iguana

Action                   || total
-------------------------++-------
Melee: Dagger            ||    41
       Tentacles         ||     7
       Constrict         ||     6
 Stab: Sleeping          ||    10
       Distracted        ||     1
Armor: Skin              ||     1
Dodge: Dodged            ||    42
